 Seeded DCSS version 0.29-a0-323-g050149af67 (webtiles) character file.

Game seed: 20220411 (custom seed)

11053 dianekeaton the Bludgeoner (level 11, -11/88 HPs)
             Began as a Minotaur Fighter on Apr 11, 2022.
             Was a Believer of Makhleb.
             Mangled by a two-headed ogre
             ... wielding a +0 giant spiked club
              (22 damage)
             ... on level 10 of the Dungeon.
             The game lasted 00:39:12 (13075 turns).

dianekeaton the Bludgeoner (Minotaur Fighter)      Turns: 13075, Time: 00:39:12

Health: -11/88     AC: 19    Str: 28    XL:     11   Next: 44%
Magic:  10/10      EV:  8    Int:  5    God:    Makhleb [**....]
Gold:   817        SH:  6    Dex: 11    Spells: 10/10 levels left

rFire   . . .      SeeInvis .   a - +4 flail (protect)
rCold   . . .      Faith    .   c - +2 buckler
rNeg    . . .      Spirit   .   f - +4 chain mail "Mutorof" {Str+4}
rPois   .          Reflect  .   (helmet restricted)
rElec   .          Harm     .   i - +2 cloak
rCorr   .          Rampage  .   m - +0 pair of gloves
Will    .....                   x - +0 pair of boots
Stlth   ..........              (no amulet)
HPRegen 0.24/turn               (no ring)
MPRegen 0.12/turn               (no ring)

@: about to teleport
A: horns 2, retaliatory headbutt
a: Renounce Religion, Minor Destruction


You were on level 10 of the Dungeon.
You worshipped Makhleb.
Makhleb was pleased with you.
You visited 4 branches of the dungeon, and saw 13 of its levels.

You collected 1316 gold pieces.
You spent 499 gold pieces at shops.

Inventory:

Hand Weapons
 a - a +4 flail of protection (weapon)
 y - a +2 vorpal hunting sling
Missiles
 E - 4 boomerangs (quivered)
Armour
 c - a +2 buckler (worn)
 f - the +4 chain mail "Mutorof" (worn) {Str+4}
   (You found it on level 2 of the Dungeon)

   Str:       It affects your strength (+4).
 g - +0 acid dragon scales
 i - a +2 cloak (worn)
 m - a +0 pair of gloves (worn)
 o - a scarf of invisibility
 x - a +0 pair of boots (worn)
Jewellery
 z - an amulet of guardian spirit
 A - a ring of protection from cold
Wands
 b - a wand of paralysis (14)
 r - a wand of polymorph (3)
 u - a wand of flame (18)
Scrolls
 d - 3 scrolls of identify
 n - a scroll of brand weapon
 p - a scroll of blinking
 s - a scroll of teleportation
 t - 2 scrolls of holy word
 v - 2 scrolls of immolation
 w - 2 scrolls of vulnerability
 D - a scroll of fog
Potions
 e - 3 potions of curing
 h - a potion of haste
 j - a potion of attraction
 k - 3 potions of mutation
 l - a potion of flight {unknown}
 q - a potion of degeneration
 B - a potion of resistance {unknown}
 C - a potion of brilliance
 F - a potion of lignification {unknown}


   Skills:
 * Level 5.4 Fighting
 - Level 19.9 Maces & Flails
 + Level 1.5 Throwing
 + Level 4.7 Armour
 - Level 0.2 Dodging
 - Level 0.7 Stealth
 + Level 4.2 Shields
 - Level 2.0 Evocations


You had 10 spell levels left.
You didn't know any spells.
Your spell library contained the following spells:

 Spells                   Type           Power      Damage    Failure   Level
 Freeze                   Ice            0%         1d3       98%         1
 Summon Small Mammal      Summ           0%         N/A       98%         1
 Static Discharge         Conj/Air       0%         N/A       99%         2
 Call Canine Familiar     Summ           0%         N/A       100%        3
 Dazzling Flash           Conj/Hex       0%         N/A       100%        3
 Frozen Ramparts          Ice            0%         1d2       100%        3
 Summon Guardian Golem    Hex/Summ       0%         N/A       100%        3
 Hailstorm                Conj/Ice       0%         3d3       100%        4
 Agony                    Necr           0%         N/A       100%        5
 Lightning Bolt           Conj/Air       0%         1d11      100%        5
 Silence                  Hex/Air        0%         N/A       100%        5
 Maxwell's Capacitive Co  Air            0%         ∞         100%        8


Dungeon Overview and Level Annotations

Branches:
Dungeon (10/15)            Temple (1/1) D:7            Lair (1/6) D:9
    Orc (1/2) D:10

Altars:
Ashenzari
Cheibriados
Dithmenos
Elyvilon
Fedhas
Gozag
Hepliaklqana
Kikubaaqudgha
Makhleb
Nemelex Xobeh
Okawaru
Qazlal
Ru
Sif Muna
Trog
Uskayaw
Vehumet
Wu Jian
Xom
Yredelemnul
Zin
The Shining One

Shops:
D:4 :   D:7 ?

Annotations:
D:2 Sigmund
D:7 3 runed translucent doors, experimilk's ghost, novice PaFi


Innate Abilities, Weirdness & Mutations

You have a pair of horns on your head.
You reflexively headbutt those who attack you in melee.


Message History

You barely miss the two-headed ogre. You headbutt the two-headed ogre.
The two-headed ogre is severely wounded.
You barely miss the two-headed ogre.
The two-headed ogre is severely wounded.
The two-headed ogre hits you with a +0 giant club!
The two-headed ogre hits you but does no damage.
You barely miss the two-headed ogre.
The two-headed ogre is severely wounded.
You sock the two-headed ogre! You headbutt the two-headed ogre.
You kill the two-headed ogre!
Makhleb accepts your kill.
You feel better.
Your Fighting skill increases to level 5!
Your Shields skill increases to level 4!
Things that are here:
a +0 giant club; a +0 dire flail of holy wrath
There is a staircase to the Orcish Mines, spattered with blood here.
You start resting.
HP restored.
You climb downwards.
Welcome back to the Orcish Mines!
The ogre shouts!
The orc wizard shouts!
The orc hits you but does no damage. The troll bites you. The troll claws you.
The troll claws you! You block the ogre's attack.
A wraith comes into view.
There is a staircase back to the Dungeon, spattered with blood here.
You block the orc's attack. The troll bites you! The troll closely misses you.
The troll claws you!
The ogre hits you with a +0 giant spiked club!!
You climb upwards.
Welcome back to the Dungeon!
There is a staircase to the Orcish Mines, spattered with blood here.
Okay, then.
As you read the scroll of teleportation, it crumbles to dust.
You feel strangely unstable.
The two-headed ogre hits you with a +0 giant club.
The two-headed ogre hits you with a +0 giant spiked club!!
* * * LOW HITPOINT WARNING * * *
The two-headed ogre closely misses you. You furiously retaliate!
You headbutt the two-headed ogre!
The two-headed ogre hits you with a +0 giant spiked club!!
You die...

.......#####.#...........#...#...
.............#........>..#####...
.............#...................
......########...................
......#.....................)....
......#....#.#######.............
......#....#)#8...8#.....###.....
.<.####....#[#..TO.#.....# #.....
####.......#.).o@O.#.....# #.....
T......)...#.#..)O.#.....# #.....
...........#.#8...8#.##### #.....
...........#.#######.# #.....
.....................# ######
######################


You could see 2 two-headed ogres, a troll, an ogre and an orc.

Vanquished Creatures
  2 two-headed ogres (D:10)
  Joseph (D:7)
  2 gargoyles
  A rime drake (D:6)
  3 trolls
  A wind drake (D:7)
  4 slime creatures (D:9)
  A shadow (D:10)
  A hog (D:7)
  A vampire (D:10)
  A wyvern (D:9)
  10 yaks (D:9)
  3 steam dragons
  An acid dragon (D:5)
  7 water moccasins
  6 orc warriors
  7 ogres
  A black bear (D:6)
  3 ice beasts (D:7)
  A sky beast (D:8)
  2 centaurs
  A phantom (D:7)
  4 lemures (D:5)
  3 kobold brigands
  4 scorpions
  2 bullfrogs (D:7)
  3 gnoll sergeants
  2 wights
  7 killer bees
  5 howler monkeys
  3 hounds
  3 jellies
  2 orc priests (D:7)
  5 iguanas
  5 orc wizards
  11 gnolls
  3 adders (D:6)
  2 white imps
  A dart slug (D:1)
  17 orcs
  4 endoplasms
  3 giant cockroaches
  4 goblins
  8 hobgoblins
  12 kobolds
  5 quokkas
  5 ball pythons
  3 bats
  3 frilled lizards
  2 rats (D:2)
191 creatures vanquished.

Vanquished Creatures (others)
  A white imp (D:7)
  2 fungi (D:7)
  2 plants (D:7)
5 creatures vanquished.

Grand Total: 196 creatures vanquished

Notes
Turn   | Place    | Note
-------+----------+-------------------------------------------
     0 | D:1      | dianekeaton the Minotaur Fighter began the quest for the
                  | Orb.
     0 | D:1      | Reached XP level 1. HP: 19/19 MP: 0/0
   221 | D:1      | Reached skill level 3 in Maces & Flails
   313 | D:1      | Reached XP level 2. HP: 26/26 MP: 1/1
   353 | D:1      | Found a faded altar of an unknown god.
   916 | D:2      | Reached skill level 4 in Maces & Flails
  1083 | D:2      | Noticed Sigmund
  1084 | D:2      | Reached XP level 3. HP: 30/31 MP: 2/2
  1135 | D:2      | Identified the +4 chain mail "Mutorof" {Str+4}
  1945 | D:3      | Identified a scroll of acquirement
  1945 | D:3      | Acquired 768 gold pieces
  1989 | D:4      | Noticed a scorpion
  2020 | D:5      | Entered Level 5 of the Dungeon
  2024 | D:5      | Reached skill level 5 in Maces & Flails
  2164 | D:5      | Noticed a gargoyle
  2174 | D:5      | Killed a gargoyle
  2175 | D:5      | Reached skill level 8 in Maces & Flails
  2175 | D:5      | Reached skill level 1 in Evocations
  2175 | D:5      | Reached XP level 4. HP: 2/39 MP: 3/3
  2175 | D:5      | Reached XP level 5. HP: 3/45 MP: 4/4
  2175 | D:5      | Reached XP level 6. HP: 3/51 MP: 5/5
  2685 | D:5      | Reached XP level 7. HP: 9/57 MP: 6/6
  2979 | D:5      | Reached skill level 9 in Maces & Flails
  3742 | D:4      | Found Sacwu's Book Shop.
  3833 | D:4      | Reached skill level 10 in Maces & Flails
  4091 | D:4      | Found a radiant altar of Vehumet.
  5403 | D:6      | Noticed Pikel
  5511 | D:7      | Found a burning altar of Makhleb.
  5524 | D:7      | Found a staircase to the Ecumenical Temple.
  5529 | Temple   | Entered the Ecumenical Temple
  5871 | D:7      | Reached skill level 11 in Maces & Flails
  5871 | D:7      | Reached XP level 8. HP: 63/64 MP: 7/7
  5878 | D:7      | Found a runed translucent gate.
  5878 | D:7      | Found a runed translucent gate.
  5878 | D:7      | Found a runed translucent gate.
  5879 | D:7      | Noticed experimilk's ghost (novice PaFi)
  5912 | D:7      | Noticed a kobold demonologist
  5937 | D:7      | Noticed a troll
  5939 | D:7      | a troll changed into a hog
  6169 | D:7      | Found Ijutuwir's Magic Scroll Shoppe.
  6184 | D:7      | Reached skill level 12 in Maces & Flails
  6283 | D:7      | Noticed a deep elf pyromancer
  6287 | D:7      | Noticed a salamander
  6287 | D:7      | a deep elf pyromancer changed into a salamander
  6288 | D:7      | Noticed a wind drake
  6288 | D:7      | a salamander changed into a wind drake
  6296 | D:7      | HP: 3/64 [wind drake/the air (15)]
  6309 | D:6      | Noticed Pikel
  6309 | D:6      | Pikel changed into Pikel the rime drake
  6313 | D:6      | Killed Pikel the rime drake
  6314 | D:6      | Reached skill level 13 in Maces & Flails
  6396 | D:6      | Reached XP level 9. HP: 23/70 MP: 8/8
  6566 | D:6      | Reached skill level 14 in Maces & Flails
  7144 | D:6      | Found a white marble altar of Elyvilon.
  7550 | D:7      | Reached skill level 15 in Maces & Flails
  7553 | D:7      | Killed a wind drake
  7570 | D:7      | Found a shimmering altar of Xom.
  7919 | D:6      | Reached skill level 16 in Maces & Flails
  7968 | D:7      | Bought a scroll of blinking for 82 gold pieces
  7968 | D:7      | Bought a scroll of teleportation for 33 gold pieces
  8004 | D:7      | Became a worshipper of Makhleb the Destroyer
  8181 | D:7      | Reached XP level 10. HP: 50/77 MP: 9/9
  8455 | D:7      | Noticed Joseph
  8471 | D:7      | Killed Joseph
  9192 | D:8      | Reached skill level 17 in Maces & Flails
  9758 | D:9      | Found a staircase to the Lair.
  9912 | D:9      | Reached * piety under Makhleb
  9981 | D:9      | Reached skill level 18 in Maces & Flails
  9981 | D:9      | Reached skill level 1 in Throwing
 10593 | D:9      | Found a shadowy altar of Dithmenos.
 10604 | D:9      | Found an iron altar of Okawaru.
 10609 | D:9      | Found an ancient bone altar of Kikubaaqudgha.
 10616 | D:9      | Found a basalt altar of Yredelemnul.
 10623 | D:9      | Found a snail-covered altar of Cheibriados.
 10628 | D:9      | Found a glowing golden altar of the Shining One.
 10665 | D:9      | Found a bloodstained altar of Trog.
 11120 | D:7      | Bought a scroll of brand weapon for 220 gold pieces
 11120 | D:7      | Bought a scroll of enchant weapon for 82 gold pieces
 11120 | D:7      | Bought a scroll of enchant weapon for 82 gold pieces
 11187 | Lair:1   | Entered Level 1 of the Lair of Beasts
 11187 | Lair:1   | Noticed a cane toad
 11215 | D:10     | Entered Level 10 of the Dungeon
 11250 | D:9      | Reached skill level 19 in Maces & Flails
 11535 | D:10     | Noticed a two-headed ogre
 11549 | D:10     | Killed a two-headed ogre
 11550 | D:10     | Reached XP level 11. HP: 57/82 MP: 10/10
 12093 | D:10     | Found a sacrificial altar of Ru.
 12255 | D:10     | Found a staircase to the Orcish Mines.
 12483 | D:10     | Reached ** piety under Makhleb
 12987 | Orc:1    | Entered Level 1 of the Orcish Mines
 12987 | Orc:1    | Noticed an ogre mage
 12987 | Orc:1    | Noticed a two-headed ogre
 12987 | Orc:1    | Noticed a two-headed ogre
 12987 | Orc:1    | Noticed a two-headed ogre
 12987 | Orc:1    | Noticed a two-headed ogre
 12987 | Orc:1    | Noticed a two-headed ogre
 12997 | D:10     | Killed a two-headed ogre
 12998 | D:10     | Reached skill level 5 in Fighting
 13075 | D:10     | Mangled by a two-headed ogre

Illustrated notes

Levels and vault maps discovered:
D:1:      dpeg_arrival_round_c, layout_basic, ebering_ecumenical_altar_box
D:2:      layout_basic, uniq_sigmund
D:3:      layout_basic
D:4:      layout_basic, mainiacjoe_overflow_small_starburst, serial_shops, shop,
          serial_corexii_hall, corexii_hall_statues_deadend,
          chequers_hall_statues_y, corexii_hall_statues_i,
          corexii_hall_statues_l
D:5:      layout_basic, palyth_stone_intersect, lemuel_flamethrower_1
D:6:      layout_cave_pools, mainiacjoe_overflow_24_doors,
          minmay_misc_feat_columns, uniq_pikel
D:7:      minmay_s_stair_smasher, layout_basic, mainiacjoe_overflow_boulevard,
          mainiacjoe_overflow_concentric_impassable, temple_doors_ab,
          serial_shops, nicolae_shop_crystal, gammafunk_ghost_nasty_kobolds,
          uniq_joseph
D:8:      layout_loops_ring, serial_glass, glass_columns_b, glass_columns_a
D:9:      nicolae_cairo_tiling_large_dashed, layout_irregular_city,
          grunt_temple_overflow_octagram, lair_entry_dummy, patterned_corridor
D:10:     layout_irregular_city, kennysheep_little_box,
          kennysheep_orc_monster_closet_entryway
Temple:   dpeg_chambers_temple
Lair:1:   layout_gridlike, uniq_prince_ribbit2
Orc:1:    layout_caves, uniq_josephine

Skill      XL: |  1  2  3  4  5  6  7  8  9 10 11 |
---------------+----------------------------------+-----
Maces & Flails | 3 4 8 11 13 16 19 | 19.9
Evocations     | 1 2 |  2.0
Throwing       | 1 |  1.5
Fighting       | 5 |  5.4
Armour         | 4 |  4.7
Shields        | 4 |  4.2
Dodging        | |  0.2
Stealth        | |  0.7

Action                   |  1- 3 |  4- 6 |  7- 9 | 10-12 || total
-------------------------+-------+-------+-------+-------++-------
Melee: Flail             |    87 |     9 |   301 |   332 ||   729
       Headbutt          |    12 |     1 |    50 |    73 ||   136
Throw: Throwing net      |       |       |     1 |       ||     1
       Boomerang         |       |       |       |     6 ||     6
Evoke: Wand              |     5 |       |    10 |    12 ||    27
  Use: Scroll            |     9 |       |    11 |    10 ||    30
       Potion            |     2 |       |     6 |     3 ||    11
Armor: Scale mail        |    37 |       |       |       ||    37
       Chain mail        |    12 |     1 |   144 |   174 ||   331
Dodge: Dodged            |    56 |     1 |    95 |   148 ||   300
Block: Buckler           |    28 |     3 |    77 |   109 ||   217

Table legend: (Time is in decaauts)
 A = Elapsed time spent in this place.
 B = Non-inter-level travel time spent in this place.
 C = Inter-level travel time spent in this place.
 D = Time resting spent in this place.
 E = Time spent auto-exploring this place.
 F = Levels seen in this place.
 G = Mean time per level.
                   A        B        C        D        E       F      G
               +--------+--------+--------+--------+--------+-----+--------+
         Total |  12963 |  12619 |    344 |   3166 |   5119 |  13 |  997.2 |
       Dungeon |  12652 |  12309 |    343 |   3166 |   5083 |  10 | 1265.2 |
        Temple |    304 |    304 |      0 |      0 |     36 |   1 |  304.0 |
          Lair |      1 |      1 |      0 |      0 |      0 |   1 |    1.0 |
  Orcish Mines |      4 |      4 |      0 |      0 |      0 |   1 |    4.0 |
               +--------+--------+--------+--------+--------+-----+--------+

Top non-repeatable levels by time:
     D:5: 2025 daAuts
    D:10: 1717 daAuts
     D:7: 1611 daAuts
     D:9: 1511 daAuts
     D:6: 1508 daAuts
     D:2: 917 daAuts
     D:1: 904 daAuts
     D:8: 853 daAuts
     D:3: 840 daAuts
     D:4: 762 daAuts
  Temple: 304 daAuts
   Orc:1: 4 daAuts
  Lair:1: 1 daAuts
